 Dungeon Crawl Stone Soup version 0.21-a0-156-g77413b7 (webtiles) character file.

49 Memingway the Slasher (level 3, 0/30 HPs)
             Began as a Ghoul Skald on Aug 3, 2017.
             Slain by a worm (6 damage)
             ... on level 1 of the Dungeon.
             The game lasted 00:12:36 (1504 turns).

Memingway the Slasher (Ghoul Skald)                 Turns: 1504, Time: 00:12:37

Health: 0/30       AC:  6    Str: 14    XL:     3   Next: 75%
Magic:  0/4        EV: 12    Int:  8    God:
Gold:   71         SH:  0    Dex:  9    Spells: 2/5 levels left

rFire    . . .     SeeInvis .   a - +0 falchion
rCold    + + .     Gourm    .   (no shield)
rNeg     + + +     Faith    .   k - +3 leather armour {rC+}
rPois    ∞         Spirit   .   (no helmet)
rElec    .         Reflect  .   (no cloak)
rCorr    .         Harm     .   (no gloves)
MR       .....                  (no boots)
Stlth    +.........             (no amulet)
HPRegen  0.00/turn              (no ring)
MPRegen  0.09/turn              (no ring)

@: rotting
A: rotting body, claws 1, carnivore 3, cold resistance 1, negative energy
resistance 3, inhibited regeneration, torment resistance, unbreathing
a: no special abilities


You were on level 1 of the Dungeon.
You were not hungry.

You visited 1 branch of the dungeon, and saw 2 of its levels.

You collected 71 gold pieces.

Inventory:

Hand Weapons
 a - a +0 falchion (weapon)
 j - a +0 dagger of venom
Armour
 e - a +0 chain mail
 k - a +3 leather armour of cold resistance (worn)
Jewellery
 f - an uncursed ring of wizardry {unknown}
 g - a cursed amulet of inaccuracy {unknown}
Scrolls
 h - a scroll of fear {unknown}
 i - a scroll of identify {unknown}
Potions
 l - a potion of lignification {unknown}
Books
 c - a book of Battle

   Spells                             Type                      Level
   a - Infusion                       Charms                       1
   b - Shroud of Golubria             Charms/Translocation         2
   c - Song of Slaying                Charms                       2
   d - Spectral Weapon                Hexes/Charms                 3
   e - Regeneration                   Charms/Necromancy            3
Comestibles
 d - a meat ration


   Skills:
 * Level 2.8 Fighting
 + Level 3.1 Long Blades
 - Level 0.8 Armour
 - Level 2.0 Dodging
 - Level 1.7 Spellcasting
 - Level 2.6 Charms


You had 2 spell levels left.
You knew the following spells:

 Your Spells              Type           Power        Failure   Level  Hunger
a - Infusion              Chrm           #...         16%         1    ##.....
b - Shroud of Golubria    Chrm/Tloc      #.........   36%         2    ###....


Dungeon Overview and Level Annotations

Branches:
Dungeon (2/15)

Altars:

Annotations:
D:2 Jessica


Innate Abilities, Weirdness & Mutations

Your body is rotting away.
You thrive on raw meat.
You are immune to poison.
You have sharp fingernails.
You are carnivorous and can eat meat at any time.
Your flesh is cold resistant. (rC+)
You are immune to negative energy. (rN+++)
You do not regenerate when monsters are visible.
You are immune to unholy pain and torment.
You can survive without breathing.


Message History

You hit the adder but do no damage.
The adder is almost dead.
The adder misses you. The worm closely misses you.
You hit the adder but do no damage.
The adder is almost dead.
Your magical infusion is running out.
The adder bites you but does no damage. x2
You hit the adder.
You kill the adder!
The worm bites you but does no damage.
You barely miss the worm. The worm bites you.
* * * LOW HITPOINT WARNING * * *
You barely miss the worm. The worm bites you but does no damage.
You hit the worm.
The worm is moderately wounded.
You hit the worm.
The worm is heavily wounded.
You are no longer magically infusing your attacks.
The worm bites you.
You die...

####.###.# #...#.#....#.........
##...##.####.###.#....##........
#.....#........#.##...###....(((
##..)#######.####.##### ####8(8#
##.## #.####.# ######'## #.#
#...##.## #..§..... #.#
#######.### #≈≈≈.§... ##'##
#†###..#####≈≈≈≈≈≈ ##...##
#@).###...#####+## ##.....##
###w...#####.....(.. #.......##
##.#....##########.##
....[....####.........(####.(..##
.........'.................(..)..
.........####..........####...###
#.......## ###..#...#### ##..#
##.....## #.......(.# ##.#
##...## #.........# #.#


You could see a worm.

Vanquished Creatures
  An adder (D:1)
  2 dart slugs (D:1)
  A leopard gecko (D:1)
  6 bats (D:1)
  A giant cockroach (D:1)
  5 goblins (D:1)
  7 hobgoblins (D:1)
  3 frilled lizards (D:1)
  5 kobolds (D:1)
  3 rats (D:1)
34 creatures vanquished.

Notes
Turn   | Place    | Note
-------+----------+-------------------------------------------
     0 | D:1      | Memingway the Ghoul Skald began the quest for the Orb.
     0 | D:1      | Reached XP level 1. HP: 17/17 MP: 2/2
    19 | D:1      | Reached skill level 2 in Long Blades
   290 | D:1      | Reached XP level 2. HP: 25/25 MP: 0/3
   320 | D:2      | Noticed Jessica
   993 | D:1      | Reached XP level 3. HP: 29/30 MP: 4/4
  1407 | D:1      | Learned a level 2 spell: Shroud of Golubria
  1443 | D:1      | Reached skill level 3 in Long Blades
  1504 | D:1      | Slain by a worm

Vault maps used:
D:1:      dpeg_arrival_morbid_curiosity, due_unseen_surprise
D:2:      first_bread, uniq_jessica, uniq_natasha

Skill      XL: |  1  2  3 |
---------------+----------+-----
Long Blades    | 2 3 |  3.1
Dodging        | 2 |  2.0
Fighting       | |  2.8
Armour         | |  0.8
Spellcasting   | |  1.7
Charms         | |  2.6

Action                   || total
-------------------------++-------
Melee: Falchion          ||   154
 Cast: Infusion          ||     4
  Eat: Chunk             ||     7
Armor: Leather armour    ||    15
       Chain mail        ||   102
Dodge: Dodged            ||    92
       Rpst.: Falchion   ||    23
